 Dungeon Crawl Stone Soup version 0.20.1-1-g8b1a95d (webtiles) character file.

874747 JeffiDaFish the Conqueror (level 27, -12/199 HPs)
             Began as a Gargoyle Fighter on Oct 6, 2017.
             Was the Champion of Okawaru.
             Killed from afar by an ancient lich (31 damage)
             ... with a bolt of cold
             ... on level 5 of the Realm of Zot on Oct 8, 2017.
             The game lasted 04:20:19 (71665 turns).

JeffiDaFish the Conqueror (Gargoyle Fighter)       Turns: 71665, Time: 04:20:20

Health: -12/199    AC: 69    Str: 30    XL:     27
Magic:  1/35       EV: 20    Int: 14    God:    Okawaru [******]
Gold:   5685       SH: 25    Dex: 22    Spells: 26/26 levels left

rFire    + + .     SeeInvis +   N - +9 eveningstar (protect)
rCold    + . .     Gourm    .   D - +5 shield
rNeg     + . .     Faith    .   A - +8 crystal plate armour "Kujyis" {rPois rF+ SInv}
rPois    ∞         Spirit   .   m - +2 hat
rElec    +         Reflect  .   u - +2 cloak
rCorr    +         Harm     .   L - +2 pair of gloves {Str+3}
MR       ++...     Clarity  +   J - +1 pair of boots of Jicvemn {Regen+ rCorr Int+6 Stlth-} Stlth ..........Rnd*Tele +
                                M - amulet of regeneration
Regen    1.3/turn               z - ring of Daist {rF+ Dex+2 Slay+6}
MPRegen  0.3/turn               q - +6 ring of strength

@: about to teleport, corroded, protection aura, flying, hasted, drained, very
quick
A: antennae 1, big wings, beak, agile 1, blurry vision 3, clarity, cold
resistance 1, deformed body, dopey 2, negative energy resistance 1, electricity
resistance, teleportitis 1, unbreathing, petrification resistance, no potion
heal 1, rot immunity, subdued magic 1, MP-powered wands, AC +20
}: 5/15 runes: decaying, serpentine, silver, iron, obsidian
a: Stop Flying, Heroism, Finesse, Renounce Religion


You were on level 5 of the Realm of Zot.
You worshipped Okawaru.
Okawaru was exalted by your worship.
You were hungry.

You visited 13 branches of the dungeon, and saw 65 of its levels.
You also visited: Sewer.

You collected 8917 gold pieces.
You spent 3232 gold pieces at shops.

Inventory:

Hand Weapons
 H - the +10 morningstar "Eos" {elec, Halo rElec}
   (You took it off a tengu reaver on level 5 of the Vaults)

   Occasionally, upon striking a foe, it will discharge some electrical energy
   and cause terrible harm.
   It insulates you from electricity.
 N - a +9 eveningstar of protection (weapon)
Armour
 m - a +2 hat (worn)
 u - a +2 cloak (worn)
 v - the +0 shield of the Will of the Gods {rF+ rC++ rN+}
   (Okawaru gifted it to you on level 5 of the Depths)

   It protects you from fire.
   It greatly protects you from cold.
   It protects you from negative energy.
 A - the +8 crystal plate armour "Kujyis" (worn) {rPois rF+ SInv}
   (Okawaru gifted it to you on level 2 of the Lair of Beasts)

   It protects you from fire.
   It protects you from poison.
   It lets you see invisible.
 D - a +5 shield (worn)
 J - the +1 pair of boots of Jicvemn (worn) {Regen+ rCorr Int+6 Stlth-}
   (Okawaru gifted it to you on level 1 of the Depths)

   It affects your intelligence (+6).
   It increases your rate of regeneration.
   It protects you from acid and corrosion.
   It makes you less stealthy.
 L - a +2 pair of gloves of strength (worn)
Jewellery
 d - an uncursed ring of protection from cold
 q - a +6 ring of strength (right hand)
 z - the ring of Daist (left hand) {rF+ Dex+2 Slay+6}
   (You took it off a centaur warrior on level 12 of the Dungeon)

   [ring of protection from fire]

   It affects your dexterity (+2).
   It affects your accuracy and damage with ranged weapons and melee attacks
   (+6).
   It protects you from fire.
 M - an amulet of regeneration (around neck)
 O - an uncursed ring of protection from fire
Scrolls
 e - 5 scrolls of holy word
 g - 4 scrolls of fog
 l - 9 scrolls of magic mapping
 o - 8 scrolls of identify
 r - 17 scrolls of remove curse
 w - 9 scrolls of fear
 x - a scroll of brand weapon
 y - 21 scrolls of teleportation
 B - 4 scrolls of recharging
 E - 8 scrolls of summoning
Potions
 a - 23 potions of curing
 c - 2 potions of ambrosia
 i - a potion of berserk rage
 n - 2 potions of cancellation
 p - 10 potions of might
 s - 7 potions of brilliance
 t - 7 potions of agility
 C - 5 potions of haste
 I - 3 potions of resistance
Comestibles
 b - 29 meat rations
 f - 25 bread rations
 h - 48 fruits
 j - 7 chunks of flesh
 k - 8 royal jellies


   Skills:
 O Level 27(26.3) Fighting
 O Level 27(26.3) Maces & Flails
 O Level 27(26.3) Armour
 * Level 18.3(17.7) Dodging
 - Level 0.5(0.2) Stealth
 O Level 27(26.3) Shields
 - Level 16.1(15.6) Invocations
   Level 11.8(11.3) Evocations


You had 26 spell levels left.
You didn't know any spells.

Dungeon Overview and Level Annotations

Branches:
Dungeon (15/15)            Temple (1/1) D:5            Lair (6/6) D:10
  Swamp (4/4) Lair:3        Snake (4/4) Lair:4        Slime (0/5) Lair:5
    Orc (2/2) D:11            Elf (3/3) Orc:2        Vaults (5/5) D:13
  Crypt (0/3) Vaults:2     Depths (5/5) D:15           Hell (1/1)
    Dis (7/7) Hell            Geh (7/7) Hell            Coc (0/7) Hell
    Tar (0/7) Hell            Zot (5/5) Depths:5

Altars:
Ashenzari
Dithmenos
Elyvilon
Gozag
Hepliaklqana
Kikubaaqudgha
Nemelex Xobeh
Okawaru
Qazlal
Sif Muna
Vehumet
Yredelemnul
Zin
The Shining One
Beogh
Jiyva
Lugonu

Shops:
D:5 [   D:7 ?   D:8 %   D:11 (   Orc:2 [*%!   Elf:3 }((?   Snake:3 !?[
Vaults:2 :

Portals:
Hell: Depths:2 Depths:3 Depths:4 Depths:5
Abyss: Depths:2 Depths:3 Depths:4
Pandemonium: Depths:2 Depths:3 Depths:4
Ziggurat: Depths:2
Trove: Vaults:3 (give 6 scrolls of blinking)

Annotations:
Lair:1 exclusion: oklob plant
Depths:2 2 transporters, exclusion: obsidian statue


Innate Abilities, Weirdness & Mutations

You are resistant to torment.
Your stone body is resilient. (AC +20)
You are immune to poison.
Your large and strong wings let you fly indefinitely.
You resist negative energy. (rN+)
You are resistant to electric shocks. (rElec)
You can survive without breathing.
You are immune to petrification.
You are immune to rotting.
You have a pair of small antennae on your head.
You have a beak for a mouth.
You are agile. (Dex +2)
Scrolls take you much longer to read.
You possess an exceptional clarity of mind.
Your flesh is cold resistant. (rC+)
Armour fits poorly on your strangely shaped body.
You are very dopey. (Int -4)
You are occasionally teleported next to monsters.
Potions are less effective at restoring your health.
Your spells are a little easier to cast, but a little less powerful.
You expend magic power (3 MP) to strengthen your wands.


Message History

Your system partially rejects the healing.
You feel much better.
The electric golem blinks!
The Orb Guardian completely misses you. The ancient lich touches you.
* * * LOW HITPOINT WARNING * * *
The curse toe calls on the powers of darkness!
The Orb Guardian convulses!
The ghost moth convulses!
The black draconian convulses!
The Orb Guardian convulses!
The yellow draconian convulses!
The golden dragon convulses!
Your body is wracked with pain!
* * * LOW HITPOINT WARNING * * *
The Orb Guardian convulses!
The golden dragon breathes fire at you. The bolt of fire misses you.
You hear a roar!
Your system partially rejects the healing.
You feel better. You block the Orb Guardian's attack.
The ancient lich points at you and mumbles some strange words.
The bolt of cold hits the ancient lich.
The ancient lich resists.
The bolt of cold hits you! You resist.
You die...

*.....z.§
.X.........(.....▓
...^......d......▓▓.
D..........8.^...▓..
............z......
...............1X▓
.........)....2yX▓
.............§LdD▓
.?....?.......1L@▓
.........82X▓▓
.........[▓▓▓
.......▓▓▓▓ ▓▓▓▓▓▓▓


You could see 2 electric golems, a golden dragon, 2 ancient liches, a
Tzitzimitl, a black draconian, a yellow draconian, a curse toe, 3 Orb Guardians,
a lorocyproca (invisible), a ghost moth (invisible), an Executioner and a
tormentor.

Vanquished Creatures
  Asmodeus (Geh:7)
  the Serpent of Hell (Dis:7)
  Dispater (Dis:7)
  4 orbs of fire
  Mara (Depths:2)
  3 ancient liches
  Boris (Depths:4)
  the Lernaean hydra (Swamp:4)
  Vashnia (Snake:3)
  6 curse toes
  Saint Roka (Orc:2)
  Geryon (Hell)
  2 Killer Klowns (Zot:4)
  Jory (Depths:1)
  12 golden dragons
  3 large abominations
  4 bone dragons
  3 Tzitzimimeh (Dis:7)
  12 iron giants
  31 Brimstone Fiends
  21 tentacled monstrosities
  Rupert (Lair:6)
  7 Orb Guardians (Zot:5)
  5 Ice Fiends
  A hellephant (Hell)
  6 Hell Sentinels
  4 deep elf blademasters
  2 deep elf master archers (Elf:3)
  7 quicksilver dragons
  Frances (Swamp:1)
  9 liches
  3 sphinxes (Vaults:5)
  9 death cobs
  6 Executioners
  2 eldritch tentacles
  20 ancient champions
  23 storm dragons
  3 tengu reavers
  12 shadow dragons
  Kirke (Swamp:3)
  2 thorn hunters (Swamp:4)
  Donald (Orc:2)
  9 nagarajas
  16 draconian monks
  Roxanne (Elf:1)
  8 draconian knights
  A fire giant (shapeshifter) (Vaults:5)
  5 frost giants
  8 fire giants
  23 vault wardens
  7 deep elf sorcerers
  2 draconian shifters
  7 cacodemons
  4 ghost moths
  9 draconian scorchers
  14 balrugs
  Louise (Snake:4)
  5 iron dragons
  A draconian stormcaller (Zot:4)
  4 deep elf elementalists (Elf:3)
  An orc warlord (D:12)
  A curse skull (Depths:3)
  52 reapers
  12 war gargoyles
  2 entropy weavers
  5 draconian annihilators
  17 stone giants
  10 vampire knights
  23 ironheart preservers
  14 very ugly things
  12 deep elf annihilators
  11 black draconians
  A lorocyproca (Depths:2)
  6 spark wasps
  10 yellow draconians
  6 green draconians
  6 purple draconians
  8 deep elf demonologists
  19 white draconians
  10 red draconians
  4 green deaths
  Snorg (D:10)
  A crystal guardian (Vaults:3)
  14 ettins
  6 deep elf death magi
  4 blizzard demons
  26 fire dragons
  4 deep elf high priests
  2 quicksilver dragon zombies
  4 great orbs of eyes
  10 yaktaur captains
  11 ice dragons
  4 hell beasts
  8 rakshasas
  21 hydras
  4 spriggan air magi
  16 naga warriors
  54 vault guards
  2 peacekeepers (Elf:2)
  5 quicksilver dragon skeletons
  14 centaur warriors
  3 ghost crabs
  4 death knights
  A catoblepas (Zot:1)
  A merfolk aquamancer (Depths:3)
  36 dancing weapons
  8 alligators
  39 two-headed ogres
  11 anacondas
  A death yak (Lair:3)
  55 hell hogs
  13 deep troll shamans
  6 orc high priests
  16 ogre magi
  5 shock serpents
  5 tengu warriors
  2 vampire magi
  8 deep troll earth magi
  9 sun demons
  7 iron golems
  23 deep elf knights
  2 fire crabs
  17 naga sharpshooters
  10 titan zombies
  3 titan skeletons
  8 spriggans
  7 shadow wraiths
  5 iron trolls
  10 soul eaters
  4 storm dragon skeletons
  7 storm dragon zombies
  89 skeletal warriors
  2 small abominations (Elf:1)
  100 hell knights
  6 unseen horrors
  26 deep trolls
  5 salamander mystics
  6 anaconda zombies
  7 golden dragon zombies
  An unseen horror (shapeshifter) (Vaults:5)
  4 glowing orange brains
  A spriggan druid (Swamp:4)
  5 ghost moth zombies
  12 swamp dragons
  3 shadow dragon zombies
  5 shambling mangroves
  18 flayed ghosts
  An entropy weaver zombie (Vaults:3)
  17 phantasmal warriors
  12 naga ritualists
  19 orc knights
  5 wolf spider zombies
  2 anaconda skeletons
  19 deep elf archers
  5 wizards
  19 ironbrand convokers
  A harpy (shapeshifter) (Vaults:3)
  7 mana vipers
  A harpy (Vaults:3)
  3 iron dragon zombies
  22 necromancers
  8 stone giant zombies
  3 golden dragon skeletons
  7 orc sorcerers
  7 wolf spiders
  5 shadow dragon skeletons
  11 frost giant zombies
  32 ugly things
  70 deep elf magi
  3 iron dragon skeletons
  A glowing shapeshifter (Vaults:3)
  A wolf spider (shapeshifter) (Vaults:5)
  16 salamanders
  3 centaur zombies
  2 manticores
  3 fire giant zombies
  21 elephants
  30 moths of wrath
  5 fire giant skeletons
  10 cyclopes
  18 vault sentinels
  3 guardian serpents
  2 ice statues (Hell)
  57 rust devils
  6 stone giant skeletons
  22 naga magi
  3 shock serpent zombies
  39 black mambas
  A shock serpent skeleton (Geh:7)
  3 dire elephant zombies
  7 frost giant skeletons
  An eye of devastation (shapeshifter) (Vaults:2)
  2 emperor scorpion zombies
  20 molten gargoyles
  3 smoke demons
  A catoblepas zombie (Dis:2)
  A gargoyle (D:12)
  27 spiny frogs
  3 centaur skeletons
  An orange demon (Depths:2)
  4 dire elephant skeletons
  A torpor snail (Lair:3)
  A spiny frog (shapeshifter) (Vaults:4)
  3 rime drakes (shapeshifter)
  A komodo dragon (shapeshifter) (D:15)
  The ghost of Nyxation the Magician, a novice DsFE of Vehumet (D:5)
  2 kobold demonologists
  13 freezing wraiths
  3 rime drakes (Swamp:4)
  37 hellions
  A yaktaur (shapeshifter) (D:15)
  47 tormentors
  8 komodo dragons
  44 yaktaurs
  7 efreet
  2 hellwings
  2 demonic crawlers
  21 ice devils
  A catoblepas skeleton (Dis:6)
  A silent spectre (Depths:3)
  A jumping spider (Vaults:2)
  4 tengu conjurers
  12 trolls
  2 harpy zombies
  3 polar bears (shapeshifter)
  8 hydra zombies
  A queen bee (D:8)
  A troll (shapeshifter) (D:15)
  A meliai (shapeshifter) (Vaults:2)
  31 red devils
  3 hydra skeletons
  6 polar bears
  A wind drake (shapeshifter) (D:13)
  A queen bee (shapeshifter) (Vaults:2)
  A tengu simulacrum (Vaults:3)
  13 tyrant leeches
  A tyrant leech (shapeshifter) (Vaults:3)
  A wolf spider simulacrum (D:15)
  A hornet (shapeshifter) (D:15)
  A harpy skeleton (Geh:3)
  23 hornets
  A hippogriff (shapeshifter) (Vaults:4)
  A meliai (D:12)
  8 ettin zombies
  3 fire dragon zombies
  37 blink frogs
  6 bog bodies
  8 ice dragon zombies
  A dream sheep (shapeshifter) (Vaults:2)
  4 alligator zombies
  43 slime creatures
  2 raiju (shapeshifter)
  4 hippogriffs
  A fire giant simulacrum (Vaults:2)
  88 flying skulls
  3 redbacks (Vaults:2)
  4 ice dragon skeletons
  34 shadows
  4 fire dragon skeletons
  3 vampires
  7 ettin skeletons
  A tarantella (shapeshifter) (Vaults:5)
  3 water elementals
  2 black mamba zombies
  6 wyverns
  5 alligator skeletons
  54 yaks
  6 fire bats
  2 black mamba skeletons
  8 air elementals
  49 wraiths
  48 fire elementals
  Grum (D:11)
  A hog (shapeshifter) (Depths:4)
  2 humans (shapeshifter)
  5 basilisks
  39 vampire mosquitoes
  3 human simulacra (Vaults:2)
  A hungry ghost (D:13)
  9 wargs
  47 nagas
  2 yaktaur simulacra
  18 insubstantial wisps
  24 swamp worms
  17 water moccasins
  2 spiny frog zombies
  5 acid dragons
  3 floating eyes
  110 hell hounds
  7 porcupines
  2 floating eyes (shapeshifter)
  79 orc warriors
  5 manticore zombies
  Purgy (D:3)
  2 ice beasts
  2 swamp dragon zombies
  10 swamp drakes
  9 necrophages
  A hornet zombie (D:8)
  A black bear (D:7)
  A black bear (shapeshifter) (Elf:2)
  3 eyes of draining
  6 phantoms
  3 spiny frog skeletons
  8 snapping turtle skeletons
  3 eyes of draining (shapeshifter)
  9 snapping turtle zombies
  22 wolves
  12 boggarts
  55 ogres
  26 centaurs
  An orc skeleton (Vaults:2)
  3 manticore skeletons
  5 big kobolds
  13 crocodiles
  3 elf zombies
  2 earth elementals
  A gnoll sergeant (D:9)
  23 bullfrogs
  An elf skeleton (Geh:5)
  A hornet simulacrum (D:14)
  A water moccasin skeleton (D:12)
  4 scorpions
  33 killer bees
  106 wights
  8 howler monkeys
  A troll skeleton (Geh:6)
  A spriggan skeleton (Geh:7)
  13 crimson imps
  3 electric eels
  3 bullfrog zombies
  12 hounds
  2 quasits (D:12)
  A human zombie (Geh:6)
  45 iron imps
  A hound (shapeshifter) (Vaults:5)
  8 jellies
  23 orc wizards
  4 bullfrog skeletons
  39 orc priests
  A gnoll shaman (D:8)
  11 iguanas
  2 human skeletons (Geh:7)
  10 worker ants
  5 hell rats (Hell)
  2 ogre zombies
  A naga zombie (Dis:7)
  2 naga skeletons
  A tengu zombie (Dis:1)
  8 mummies
  A hound zombie (D:11)
  A hound skeleton (D:11)
  A worker ant zombie (D:8)
  11 gnolls
  A howler monkey skeleton (D:10)
  23 adders
  7 shadow imps
  2 white imps (Depths:2)
  2 ufetubi (Depths:2)
  22 oozes
  2 adder skeletons
  8 worms
  4 dart slugs
  2 leopard geckos
  145 orcs
  9 ball pythons
  9 giant cockroaches
  8 goblins
  5 hobgoblins
  5 jackals
  20 kobolds
  A quokka (D:3)
  5 bats
  6 frilled lizards
  2 kobold zombies
  12 rats
  A crawling corpse (Elf:1)
  5 fire vortices
  A fungus (D:3)
  A plant (Lair:6)
4053 creatures vanquished.

Vanquished Creatures (others)
  A Hell Sentinel (Dis:7)
  2 naga warriors
  An alligator (Swamp:3)
  4 hell hogs
  A necromancer (Dis:7)
  A moth of wrath (Zot:5)
  A rust devil (Dis:7)
  A spiny frog (Swamp:1)
  A hellion (Dis:5)
  A small abomination (Elf:3)
  2 flying skulls (Geh:7)
  4 air elementals
  A hog (Swamp:3)
  A spriggan (Swamp:3)
  3 humans
  A naga (Snake:3)
  4 swamp drakes
  An ogre (Vaults:4)
  A boggart (Depths:4)
  A wight (Geh:3)
  2 orc wizards
  An iron imp (Dis:7)
  A tengu skeleton (Geh:3)
  3 orcs
  A quokka skeleton (D:6)
  2 briar patches (Swamp:4)
  A crawling corpse (Elf:1)
  A fire vortex (Geh:2)
  13 fungi
  33 plants
91 creatures vanquished.

Grand Total: 4144 creatures vanquished

Notes
Turn   | Place    | Note
-------+----------+-------------------------------------------
     0 | D:1      | JeffiDaFish the Gargoyle Fighter began the quest for the Orb.
     0 | D:1      | Reached XP level 1. HP: 14/14 MP: 1/1
    51 | D:1      | Reached XP level 2. HP: 18/19 MP: 2/2
   137 | D:1      | Reached XP level 3. HP: 23/23 MP: 3/3
  1177 | D:2      | Reached XP level 4. HP: 29/29 MP: 4/4
  1723 | D:3      | Found a glowing drain.
  1734 | Sewer    | Entered a sewer
  2088 | Sewer    | Reached XP level 5. HP: 31/33 MP: 5/5
  2242 | Sewer    | Noticed a big kobold
  2273 | Sewer    | Killed a big kobold
  2385 | Sewer    | Noticed a big kobold
  2395 | Sewer    | Reached XP level 6. HP: 36/38 MP: 6/6
  2453 | Sewer    | Reached skill level 5 in Shields
  2475 | Sewer    | Reached skill level 1 in Dodging
  2475 | Sewer    | Reached XP level 7. HP: 44/44 MP: 7/7
  2673 | D:3      | Found a glowing silver altar of Zin.
  2694 | D:3      | Noticed Purgy
  2707 | D:3      | Killed Purgy
  3007 | D:4      | Identified the +5 scale mail of the Fifty Continents {-Cast rF+ Str+2} (You found it on level 4 of the Dungeon)
  3045 | D:4      | Reached skill level 5 in Maces & Flails
  3066 | D:4      | Gained mutation: You are agile. (Dex +2) [potion of mutation]
  3066 | D:4      | Gained mutation: You possess an exceptional clarity of mind. [potion of mutation]
  3066 | D:4      | Gained mutation: Your flesh is cold resistant. (rC+) [potion of mutation]
  3066 | D:4      | Gained mutation: You have a beak for a mouth. [potion of mutation]
  3176 | D:4      | Reached skill level 5 in Armour
  3323 | D:4      | Found a white marble altar of Elyvilon.
  3393 | D:4      | Reached XP level 8. HP: 48/48 MP: 8/8
  3444 | D:5      | Entered Level 5 of the Dungeon
  3476 | D:5      | Noticed Nyxation's ghost (novice DsFE)
  3499 | D:5      | Killed Nyxation's ghost
  3499 | D:5      | Reached skill level 5 in Fighting
  3546 | D:5      | Found a hazy altar of Hepliaklqana.
  3683 | D:5      | Found Baolioxi's Armour Boutique.
  3955 | D:5      | Found a staircase to the Ecumenical Temple.
  3961 | Temple   | Entered the Ecumenical Temple
  3975 | Temple   | Became a worshipper of Warmaster Okawaru
  4233 | D:6      | Reached XP level 9. HP: 54/55 MP: 9/9
  4449 | D:6      | Found a stormy altar of Qazlal.
  5117 | D:7      | Reached * piety under Okawaru
  5135 | D:7      | Found Zinti's Magic Scroll Boutique.
  5432 | D:7      | Bought a scroll of enchant weapon for 97 gold pieces
  5432 | D:7      | Bought a scroll of enchant armour for 97 gold pieces
  5432 | D:7      | Bought a scroll of enchant armour for 97 gold pieces
  5905 | D:7      | Reached ** piety under Okawaru
  6084 | D:7      | Identified the Compendium of Cold and Stones
  6100 | D:7      | Found an ancient bone altar of Kikubaaqudgha.
  6216 | D:8      | Found a deep blue altar of Sif Muna.
  6290 | D:8      | Reached XP level 10. HP: 61/63 MP: 10/10
  6486 | D:8      | Reached *** piety under Okawaru
  7395 | D:8      | Found Zenuner's Food Shoppe.
  7690 | D:9      | Found a shattered altar of Ashenzari.
  7742 | D:9      | Reached **** piety under Okawaru
  7892 | D:9      | Reached XP level 11. HP: 56/69 MP: 11/11
  8347 | D:10     | Entered Level 10 of the Dungeon
  8892 | D:10     | Found a staircase to the Lair.
  9000 | D:10     | Noticed Snorg
  9024 | D:10     | Killed Snorg
  9024 | D:10     | Reached skill level 10 in Shields
  9433 | D:10     | Reached ***** piety under Okawaru
  9769 | Lair:1   | Entered Level 1 of the Lair of Beasts
  9918 | Lair:1   | Received a gift from Okawaru
 10392 | Lair:1   | Noticed an oklob plant
 10697 | Lair:1   | Reached skill level 10 in Armour
 10900 | Lair:1   | Reached XP level 12. HP: 51/77 MP: 12/12
 11168 | Lair:2   | Reached skill level 5 in Dodging
 11172 | Lair:2   | Reached skill level 10 in Maces & Flails
 11194 | Lair:2   | Received a gift from Okawaru
 11209 | Lair:2   | Got a slimy crystal plate armour {god gift}
 11220 | Lair:2   | Identified the +8 crystal plate armour "Kujyis" {rPois rF+ SInv} (Okawaru gifted it to you on level 2 of the Lair of Beasts)
 11275 | Lair:2   | Reached skill level 10 in Fighting
 11581 | Lair:2   | Found a frozen archway.
 12278 | Lair:3   | Noticed a four-headed hydra
 12279 | Lair:3   | Found a staircase to the Swamp.
 12287 | Lair:3   | Killed a four-headed hydra
 12942 | Lair:3   | Noticed a death yak
 12962 | Lair:3   | Killed a death yak
 13302 | Lair:4   | Reached XP level 13. HP: 81/84 MP: 13/13
 13318 | Lair:4   | Received a gift from Okawaru
 13813 | Lair:4   | Found a staircase to the Snake Pit.
 13925 | Lair:5   | Reached ****** piety under Okawaru
 14033 | Lair:5   | Received a gift from Okawaru
 14111 | Lair:5   | Found a staircase to the Slime Pits.
 14112 | Lair:5   | Found a viscous altar of Jiyva.
 14838 | Lair:6   | Entered Level 6 of the Lair of Beasts
 15210 | Lair:6   | Gained mutation: Your large and strong wings let you fly indefinitely. [Gargoyle growth]
 15210 | Lair:6   | Reached XP level 14. HP: 76/92 MP: 8/14
 15459 | Lair:5   | Received a gift from Okawaru
 15464 | Lair:5   | Identified the +0 flail of the Volcano {freeze, rF+} (Okawaru gifted it to you on level 5 of the Lair of Beasts)
 15708 | Lair:6   | Reached skill level 1 in Invocations
 15839 | Lair:6   | Noticed Rupert
 15898 | Lair:6   | Killed Rupert
 15898 | Lair:6   | Received a gift from Okawaru
 17005 | D:11     | Found Jikasaw's Weapon Boutique.
 17007 | D:11     | Found a staircase to the Orcish Mines.
 17115 | D:11     | Noticed Grum
 17139 | D:11     | Killed Grum
 17972 | D:12     | Reached XP level 15. HP: 95/98 MP: 17/17
 18062 | D:12     | Got a twitching jade ring
 18098 | D:12     | Noticed an orc warlord
 18125 | D:12     | Killed an orc warlord
 18226 | D:12     | Received a gift from Okawaru
 18820 | D:12     | Got an ancient lead ring
 18821 | D:12     | Identified the ring of Daist {rF+ Dex+2 Slay+6} (You took it off a centaur warrior on level 12 of the Dungeon)
 18822 | D:12     | Identified the ring "Moirun" {rC+ Int+2 Stlth-} (You found it on level 12 of the Dungeon)
 19244 | D:12     | Got a heavily runed tin ring
 19245 | D:12     | Identified the ring of the Hippo {Ice rElec Dex+2 Slay+2} (You found it on level 12 of the Dungeon)
 19253 | D:12     | Identified the Reference Book on Warped Conjuration
 19639 | D:13     | Found a gate to the Vaults.
 20202 | D:14     | Reached skill level 5 in Invocations
 20211 | D:14     | Received a gift from Okawaru
 20266 | D:14     | Reached XP level 16. HP: 97/106 MP: 19/19
 20906 | D:15     | Entered Level 15 of the Dungeon
 20941 | D:15     | Received a gift from Okawaru
 21213 | D:15     | Found a staircase to the Depths.
 21443 | D:15     | Received a gift from Okawaru
 21443 | D:15     | Reached skill level 15 in Shields
 21558 | D:15     | Found a roughly hewn altar of Beogh.
 21917 | D:15     | Found an opulent altar of Gozag.
 22152 | Orc:1    | Entered Level 1 of the Orcish Mines
 22390 | Orc:1    | Found a roughly hewn altar of Beogh.
 22475 | Orc:2    | Entered Level 2 of the Orcish Mines
 22492 | Orc:2    | Noticed Donald
 22510 | Orc:2    | Killed Donald
 22581 | Orc:2    | Noticed Saint Roka
 22652 | Orc:2    | Killed Saint Roka
 22918 | Orc:2    | Received a gift from Okawaru
 23347 | Orc:2    | Found a roughly hewn altar of Beogh.
 23443 | Orc:2    | Found a staircase to the Elven Halls.
 23933 | Orc:2    | Identified the +0 shield of Past Mistakes {rCorr MP+9} (Okawaru gifted it to you on level 2 of the Orcish Mines)
 23953 | Orc:2    | Found Wualalui's Food Emporium.
 23955 | Orc:2    | Found Iloarun's Armour Emporium.
 23955 | Orc:2    | Gained mutation: You have a pair of small antennae on your head. [a neqoxec]
 23973 | Orc:2    | Found Vepouw's Assorted Antiques.
 23974 | Orc:2    | Found Jonyw's Distillery.
 23979 | Orc:2    | Bought a potion of might for 56 gold pieces
 23979 | Orc:2    | Bought a potion of curing for 42 gold pieces
 23980 | Orc:2    | Bought 3 scrolls of teleportation for 324 gold pieces
 23980 | Orc:2    | Bought a potion of curing for 108 gold pieces
 23982 | Orc:2    | Bought a +2 hat for 176 gold pieces
 24055 | Orc:2    | Found a roughly hewn altar of Beogh.
 24367 | Swamp:1  | Entered Level 1 of the Swamp
 24407 | Swamp:1  | Reached XP level 17. HP: 106/112 MP: 17/21
 24533 | Swamp:1  | Noticed Frances
 24554 | Swamp:1  | Killed Frances
 25130 | Swamp:2  | Reached skill level 15 in Armour
 25415 | Swamp:2  | Reached skill level 15 in Fighting
 25568 | Swamp:2  | Received a gift from Okawaru
 26279 | Swamp:3  | Noticed Kirke
 26292 | Swamp:3  | Killed Kirke
 26773 | Swamp:4  | Entered Level 4 of the Swamp
 26875 | Swamp:4  | Noticed a tentacled monstrosity
 26906 | Swamp:4  | Killed a tentacled monstrosity
 26940 | Swamp:4  | Noticed the 27-headed Lernaean hydra
 26950 | Swamp:4  | Received a gift from Okawaru
 27090 | Swamp:4  | Killed the 27-headed Lernaean hydra
 27090 | Swamp:4  | Reached XP level 18. HP: 59/119 MP: 16/23
 27096 | Swamp:4  | Reached skill level 15 in Maces & Flails
 27673 | Swamp:4  | Got a decaying rune of Zot
 27688 | Swamp:4  | Identified the +8 scythe of Egomania {flame, rF+} (You found it on level 4 of the Swamp)
 28119 | Snake:1  | Entered Level 1 of the Snake Pit
 29202 | Snake:1  | Received a gift from Okawaru
 29296 | Snake:2  | Found a glowing silver altar of Zin.
 30202 | Snake:3  | Found Juhuilox's Antique Armour Shop.
 30210 | Snake:3  | Bought a pair of embroidered gloves for 202 gold pieces
 30247 | Snake:3  | Received a gift from Okawaru
 30658 | Snake:3  | Reached XP level 19. HP: 126/126 MP: 25/25
 30738 | Snake:3  | Noticed Vashnia
 30798 | Snake:3  | Killed Vashnia
 31045 | Snake:3  | Found Vyuqeom's Magic Scroll Boutique.
 31049 | Snake:3  | Bought a scroll of teleportation for 36 gold pieces
 31049 | Snake:3  | Bought a scroll of magic mapping for 42 gold pieces
 31049 | Snake:3  | Bought a scroll of teleportation for 36 gold pieces
 31052 | Snake:3  | Found Seraij's Distillery.
 31060 | Snake:3  | Bought a potion of ambrosia for 136 gold pieces
 31060 | Snake:3  | Bought a potion of curing for 51 gold pieces
 31060 | Snake:3  | Bought a potion of heal wounds for 85 gold pieces
 31060 | Snake:3  | Bought a potion of curing for 51 gold pieces
 31060 | Snake:3  | Bought a potion of curing for 51 gold pieces
 31097 | Snake:4  | Entered Level 4 of the Snake Pit
 31112 | Snake:4  | Noticed Louise
 31128 | Snake:4  | Killed Louise
 31128 | Snake:4  | Received a gift from Okawaru
 31434 | Snake:4  | Reached skill level 10 in Dodging
 31634 | Snake:4  | Received a gift from Okawaru
 32174 | Snake:4  | Got a serpentine rune of Zot
 32675 | Vaults:1 | Entered Level 1 of the Vaults
 32706 | Vaults:1 | Reached XP level 20. HP: 133/134 MP: 23/27
 33151 | Vaults:1 | Received a gift from Okawaru
 33641 | Vaults:1 | Reached skill level 10 in Invocations
 34221 | Vaults:2 | Found Jihyvvus's Book Emporium.
 34226 | Vaults:2 | Bought a manual of Armour for 1545 gold pieces
 34324 | Vaults:2 | Found a staircase to the Crypt.
 34324 | Vaults:2 | Found a basalt altar of Yredelemnul.
 34325 | Vaults:2 | Found an ancient bone altar of Kikubaaqudgha.
 34350 | Vaults:2 | Received a gift from Okawaru
 35127 | Vaults:2 | Reached XP level 21. HP: 140/140 MP: 28/28
 35618 | Vaults:3 | Found a portal to a secret trove of treasure.
 35721 | Vaults:3 | Received a gift from Okawaru
 36278 | Vaults:3 | Paralysed by a wizard for 6 turns
 36776 | Vaults:3 | Received a gift from Okawaru
 37324 | Vaults:4 | Reached XP level 22. HP: 148/148 MP: 25/29
 37611 | Vaults:4 | Received a gift from Okawaru
 38240 | Vaults:4 | Received a gift from Okawaru
 38683 | Vaults:5 | Entered Level 5 of the Vaults
 38968 | Vaults:5 | Noticed a golden dragon
 39055 | Vaults:5 | Killed a golden dragon
 39255 | Vaults:5 | Received a gift from Okawaru
 39310 | Vaults:4 | Reached XP level 23. HP: 103/155 MP: 30/30
 39628 | Vaults:5 | Noticed a golden dragon
 39648 | Vaults:5 | Killed a golden dragon
 39680 | Vaults:5 | Paralysed by a floating eye for 3 turns
 39714 | Vaults:5 | Received a gift from Okawaru
 40151 | Vaults:5 | Paralysed by a sphinx for 4 turns
 40904 | Vaults:5 | Got a silver rune of Zot
 41358 | Depths:1 | Entered Level 1 of the Depths
 41400 | Depths:1 | Received a gift from Okawaru
 41411 | Depths:1 | Got a pair of transparent boots {god gift}
 41422 | Depths:1 | Identified the +1 pair of boots of Jicvemn {Regen+ rCorr Int+6 Stlth-} (Okawaru gifted it to you on level 1 of the Depths)
 41797 | Depths:1 | Reached XP level 24. HP: 162/162 MP: 30/30
 41902 | Depths:1 | Noticed Jory
 41929 | Depths:1 | Killed Jory
 42267 | Depths:2 | Noticed Mara
 42400 | Depths:2 | Noticed JeffiDaFish's illusion
 42491 | Depths:2 | Killed Mara
 42508 | Depths:2 | Received a gift from Okawaru
 42550 | Depths:2 | Found a transporter.
 42550 | Depths:2 | Found a transporter.
 42656 | Depths:2 | Found a gateway to a ziggurat.
 42680 | Depths:2 | Found a gateway to Hell.
 42777 | Depths:2 | Found a one-way gate leading to the halls of Pandemonium.
 43024 | Depths:2 | Found a corrupted altar of Lugonu.
 43025 | Depths:2 | Found a one-way gate to the infinite horrors of the Abyss.
 43287 | Depths:3 | Paralysed by a great orb of eyes for 3 turns
 43382 | Depths:3 | Found a runed door.
 43626 | Depths:3 | Noticed an ancient lich
 43627 | Depths:3 | Noticed an ancient lich
 43635 | Depths:3 | Killed an ancient lich
 43641 | Depths:3 | Killed an ancient lich
 43686 | Depths:3 | Identified the +3 pair of boots "Tedeafe" {-Cast rF++ Int+5} (You found it on level 3 of the Depths)
 43817 | Depths:3 | Received a gift from Okawaru
 44897 | Depths:4 | Reached XP level 25. HP: 170/170 MP: 30/30
 45122 | Depths:4 | Paralysed by a floating eye for 2 turns
 45234 | Depths:4 | Noticed a juggernaut
 45614 | Depths:4 | Paralysed by a floating eye for 4 turns
 45694 | Depths:5 | Entered Level 5 of the Depths
 45742 | Depths:5 | Noticed Boris
 45911 | Depths:5 | Received a gift from Okawaru
 45937 | Depths:4 | Killed Boris
 46020 | Depths:5 | Got a faintly glowing shield {god gift}
 46031 | Depths:5 | Identified the +0 shield of the Will of the Gods {rF+ rC++ rN+} (Okawaru gifted it to you on level 5 of the Depths)
 46161 | Depths:5 | Paralysed by a floating eye for 2 turns
 46183 | Depths:5 | Identified a scroll of acquirement
 46247 | Depths:5 | Reached skill level 1 in Evocations
 46336 | Depths:5 | Found a gate to the Realm of Zot.
 46970 | Elf:1    | Entered Level 1 of the Elven Halls
 47534 | Elf:1    | Reached XP level 26. HP: 180/180 MP: 30/30
 47542 | Elf:1    | Noticed Roxanne
 47556 | Elf:1    | Killed Roxanne
 47652 | Elf:1    | Received a gift from Okawaru
 48159 | Elf:2    | Found a runed gate.
 48168 | Elf:2    | Found a runed gate.
 48168 | Elf:2    | Found a runed gate.
 48320 | Elf:2    | Found a ruined gateway.
 48786 | Elf:2    | Reached skill level 5 in Evocations
 48858 | Elf:2    | Received a gift from Okawaru
 49038 | Elf:3    | Entered Level 3 of the Elven Halls
 49283 | Elf:3    | Found Pila Una's Magic Scroll Emporium.
 49285 | Elf:3    | Found Zyevou's Antique Weapon Emporium.
 49285 | Elf:3    | Found Olyfaizi's Weapon Shoppe.
 49298 | Elf:3    | Found Hayh's Gadget Shoppe.
 49535 | Elf:3    | Received a gift from Okawaru
 49759 | Elf:3    | Got a crude granite ring
 49760 | Elf:3    | Identified the ring "Faom" {EV+2 Int+3 SInv Stlth+} (You found it on level 3 of the Elven Halls)
 49800 | Elf:3    | Got a flickering granite ring
 49822 | Elf:3    | Identified the Tome of Dried Tears
 50431 | Hell     | Entered the Vestibule of Hell
 50431 | Hell     | Noticed Geryon
 50607 | Hell     | Killed Geryon
 50703 | Hell     | Found a gateway to the decaying netherworld of Tartarus.
 50809 | Hell     | Found a gateway to the freezing wastes of Cocytus.
 50955 | Hell     | Reached XP level 27. HP: 188/188 MP: 30/30
 50969 | Hell     | Found a gateway to the Iron City of Dis.
 51052 | Hell     | Found a gateway to the ashen valley of Gehenna.
 51155 | Hell     | Identified the ring of Qummaer {rPois rF+ rC+ MP+9} (You took it off a deep elf high priest on level 3 of the Elven Halls)
 51192 | Geh:1    | Entered Level 1 of Gehenna
 51953 | Geh:2    | Received a gift from Okawaru
 52844 | Geh:3    | Gained mutation: You expend magic power (3 MP) to strengthen your wands. [a cacodemon]
 53202 | Geh:3    | Reached skill level 10 in Evocations
 53995 | Geh:3    | Received a gift from Okawaru
 54374 | Geh:4    | You are sucked into a shaft!
 55483 | Geh:5    | Gained mutation: You are dopey. (Int -2) [mutagenic glow]
 55504 | Geh:5    | Gained mutation: Potions are less effective at restoring your health. [mutagenic glow]
 56047 | Geh:6    | Received a gift from Okawaru
 56047 | Geh:6    | Reached skill level 15 in Dodging
 56648 | Geh:7    | Entered Level 7 of Gehenna
 57063 | Geh:7    | Received a gift from Okawaru
 57241 | Geh:7    | Noticed Asmodeus
 57331 | Geh:7    | Killed Asmodeus
 57680 | Geh:7    | Got an obsidian rune of Zot
 57805 | Geh:7    | Received a gift from Okawaru
 58079 | Geh:7    | Gained mutation: You are occasionally teleported next to monsters. [mutagenic glow]
 58477 | Dis:1    | Entered Level 1 of the Iron City of Dis
 59629 | Dis:2    | Received a gift from Okawaru
 61003 | Dis:3    | Received a gift from Okawaru
 61860 | Dis:4    | Received a gift from Okawaru
 63377 | Dis:6    | Received a gift from Okawaru
 63748 | Dis:7    | Entered Level 7 of the Iron City of Dis
 63984 | Dis:7    | Noticed the Serpent of Hell
 64049 | Dis:7    | Killed the Serpent of Hell
 64049 | Dis:7    | Received a gift from Okawaru
 64107 | Dis:7    | Reached skill level 27 in Fighting
 65256 | Dis:7    | Identified the +2 pair of boots "Loliukhoa" {Str+7 Int+4} (Okawaru gifted it to you on level 7 of the Iron City of Dis)
 65395 | Dis:7    | Identified the Tome of Weirdness
 65444 | Dis:7    | Gained mutation: Scrolls take you a little longer to read. [a cacodemon]
 65445 | Dis:7    | Received a gift from Okawaru
 65591 | Dis:7    | Reached skill level 15 in Invocations
 66318 | Dis:7    | Got an iron rune of Zot
 66903 | Dis:7    | Noticed Dispater
 66943 | Dis:7    | Killed Dispater
 67174 | Zot:1    | Entered Level 1 of the Realm of Zot
 67308 | Zot:1    | Received a gift from Okawaru
 67752 | Zot:1    | Received a gift from Okawaru
 67793 | Zot:1    | Noticed an ancient lich
 67806 | Zot:1    | Killed an ancient lich
 67864 | Zot:1    | Found a stormy altar of Qazlal.
 68324 | Zot:2    | Reached skill level 27 in Armour
 68554 | Zot:2    | Noticed an orb of fire
 68562 | Zot:2    | Killed an orb of fire
 68580 | Zot:2    | Received a gift from Okawaru
 69587 | Zot:3    | Received a gift from Okawaru
 69631 | Zot:3    | Reached skill level 27 in Shields
 70352 | Zot:3    | Gained mutation: Scrolls take you longer to read. [a Zot trap]
 70406 | Zot:4    | Received a gift from Okawaru
 71527 | Zot:5    | Entered Level 5 of the Realm of Zot
 71531 | Zot:5    | Received a gift from Okawaru
 71559 | Zot:5    | Noticed an ancient lich
 71560 | Zot:5    | Noticed an orb of fire
 71560 | Zot:5    | Noticed an ancient lich
 71560 | Zot:5    | Noticed an orb of fire
 71560 | Zot:5    | Noticed an orb of fire
 71570 | Zot:5    | Gained mutation: You are very dopey. (Int -4) [an orb of fire]
 71573 | Zot:5    | Noticed an ancient lich
 71574 | Zot:5    | Killed an orb of fire
 71574 | Zot:5    | Reached skill level 27 in Maces & Flails
 71610 | Zot:5    | Received a gift from Okawaru
 71620 | Zot:5    | Gained mutation: Armour fits poorly on your strangely shaped body. [an orb of fire]
 71621 | Zot:5    | Noticed an orb of fire
 71628 | Zot:5    | Noticed an orb of fire
 71631 | Zot:5    | Gained mutation: Your spells are a little easier to cast, but a little less powerful. [an orb of fire]
 71632 | Zot:5    | Noticed an ancient lich
 71634 | Zot:5    | Killed an orb of fire
 71642 | Zot:5    | Noticed an ancient lich
 71644 | Zot:5    | Gained mutation: Scrolls take you much longer to read. [an orb of fire]
 71650 | Zot:5    | Killed an orb of fire
 71665 | Zot:5    | Killed from afar by an ancient lich

Skill      XL: |  1  2  3  4  5  6  7  8  9 10 11 12 13 14 15 16 17 18 19 20 21 22 23 24 25 26 27 |
---------------+----------------------------------------------------------------------------------+-----
Shields        | 4 5 6 7 8 9 10 11 12 13 14 15 16 17 18 19 20 21 22 27 | 27.0
Maces & Flails | 3 4 5 6 7 8 9 10 11 12 13 14 15 16 17 18 19 20 27 | 27.0
Fighting       | 4 5 7 8 9 11 12 13 14 15 16 17 18 19 20 22 23 27 | 27.0
Armour         | 4 5 6 7 8 10 11 12 13 14 15 16 17 18 20 21 22 23 27 | 27.0
Dodging        | 1 2 3 4 5 6 7 8 9 10 11 12 13 14 18 | 18.3
Invocations    | 3 5 6 7 8 9 10 16 | 16.1
Evocations     | 3 8 11 | 11.8
Stealth        | |  0.5

Action                   |  1- 3 |  4- 6 |  7- 9 | 10-12 | 13-15 | 16-18 | 19-21 | 22-24 | 25-27 || total
-------------------------+-------+-------+-------+-------+-------+-------+-------+-------+-------++-------
Melee: Flail             |    69 |       |       |   477 |  1608 |  1875 |  1390 |       |       ||  5419
       Whip              |    49 |   249 |   463 |   597 |       |       |       |       |       ||  1358
       Peck              |       |       |    78 |   293 |   500 |   648 |   742 |   685 |  2899 ||  5845
       Eveningstar       |       |       |       |       |       |       |   512 |  1570 |  7428 ||  9510
       Morningstar       |       |       |       |       |       |       |       |    40 |       ||    40
Invok: Finesse           |       |       |       |       |     4 |    15 |    22 |    16 |    44 ||   101
       Heroism           |       |       |       |       |       |     1 |     1 |     1 |     2 ||     5
 Abil: Fly               |       |       |       |       |     1 |       |       |       |       ||     1
  Use: Scroll            |     5 |     1 |     8 |     8 |    12 |    16 |     7 |    13 |    31 ||   101
       Potion            |     1 |     1 |     5 |     4 |     6 |     4 |     1 |       |    11 ||    33
 Stab: Distracted        |       |       |       |       |       |     1 |       |       |     3 ||     4
       Invisible         |       |       |       |       |       |     3 |       |       |       ||     3
       Petrified         |       |       |       |       |       |       |       |       |     6 ||     6
       Petrifying        |       |       |       |       |       |       |       |       |     1 ||     1
  Eat: Chunk             |     1 |     5 |    13 |    21 |    25 |    35 |    23 |    22 |    61 ||   206
       Royal jelly       |       |       |       |     1 |       |       |       |     2 |    16 ||    19
Armor: Scale mail        |    34 |       |   140 |   194 |       |       |       |       |       ||   368
       Chain mail        |    15 |   103 |    52 |   109 |       |       |       |       |       ||   279
       Crystal plate arm |       |       |       |   182 |  1157 |  1017 |   577 |   714 |  3093 ||  6740
Dodge: Dodged            |    35 |    35 |   126 |   354 |   519 |   518 |   427 |   564 |  2593 ||  5171
Block: Shield            |    53 |    95 |   241 |   686 |  1235 |  1422 |  1331 |  1295 |  6800 || 13158
